 Dungeon Crawl Stone Soup version 0.31-a0-277-g31ea1f65cc (webtiles) character file.

Game seed: 2328987431602907338

48061 voltaire321 the Fighter (level 14, -1/121 HPs)
             Began as a Demonspawn Ice Elementalist on July 15, 2023.
             Was the Champion of Wu Jian.
             Slain by an orc warrior
             ... wielding a +4 trident of venom
              (3 damage)
             ... on level 1 of the Orcish Mines.
             The game lasted 01:09:04 (18906 turns).

voltaire321 the Fighter (DsIE)                     Turns: 18906, Time: 01:09:04

Health: -1/121     AC: 16    Str: 12    XL:     14   Next: 10%
Magic:  15/21      EV: 21    Int: 17    God:    Wu Jian [******]
Gold:   2444       SH:  4    Dex: 21    Spells: 17/23 levels left

rFire   . . .        j - +6 morningstar (elec)
rCold   . . .        (no shield)
rNeg    . . .        g - +0 troll leather armour
rPois   .            (helmet unavailable)
rElec   .            k - +1 cloak
rCorr   .            (no gloves)
SInv    .            (no boots)
Will    +....        v - amulet of the acrobat
Stlth   ++           a - +4 ring of protection
HPRegen 1.20/turn    s - +6 ring of dexterity
MPRegen 0.17/turn

%: acrobat
@: lethally poisoned (-1 -> -23)
A: hooves 1, horns 3, icemail 1, powered by pain 2, condensation shield, demonic
touch 2
a: Renounce Religion, Wall Jump, Serpent's Lash, Heavenly Storm


You were on level 1 of the Orcish Mines.
You worshipped Wu Jian.
Wu Jian was exalted by your worship.
You visited 4 branches of the dungeon, and saw 18 of its levels.
You also visited: Volcano.

You collected 2700 gold pieces.
You spent 256 gold pieces at shops.

Inventory:

Hand Weapons
 j - a +6 morningstar of electrocution (weapon)
Missiles
 e - 61 poisoned darts
 P - 2 curare-tipped darts
 S - 3 throwing nets
Armour
 g - a +0 troll leather armour (worn)
 k - a +1 cloak (worn)
 K - a +2 leather armour of fire resistance
Magical Staves
 t - a staff of cold
Jewellery
 a - a +4 ring of protection (left hand)
 p - an amulet of magic regeneration
 s - a +6 ring of dexterity (right hand)
 v - an amulet of the acrobat (around neck)
 I - a ring of willpower
 T - a ring of flight
Wands
 d - a wand of roots (16) (quivered)
 A - a wand of flame (5)
 C - a wand of mindburst (30)
 G - a wand of charming (18)
 R - a wand of polymorph (4)
Scrolls
 c - a scroll of fear
 f - 3 scrolls of teleportation
 h - 3 scrolls of identify
 r - 3 scrolls of poison
 z - 4 scrolls of enchant armour
 D - 2 scrolls of silence
 M - a scroll of revelation
Potions
 b - 2 potions of magic
 i - 3 potions of haste
 l - a potion of berserk rage
 m - 2 potions of invisibility
 n - 5 potions of enlightenment
 o - 4 potions of resistance
 u - 2 potions of brilliance
 w - a potion of mutation
 x - 4 potions of might
 Q - 2 potions of curing


   Skills:
 + Level 14.5 Fighting
 - Level 10.0 Armour
 + Level 13.5 Dodging
 - Level 1.7 Stealth
 - Level 5.0 Spellcasting
 - Level 8.0 Ice Magic


You had 17 spell levels left.
You knew the following spells:

 Your Spells              Type           Power      Damage    Failure   Level
b - Frozen Ramparts       Ice            62%        1d10      1%          3
c - Ozocubu's Armour      Ice            31%        N/A       1%          3

Your spell library contained the following spells:

 Spells                   Type           Power      Damage    Failure   Level
 Freeze                   Ice            100%       1d10      1%          1
 Foxfire                  Conj/Fire      16%        2x1d4     17%         1
 Sandblast                Erth           8%         2d5       17%         1
 Cigotuvi's Dreadful Rot  Necr/Pois/Air  8%         N/A       26%         2
 Lesser Beckoning         Tloc           8%         N/A       26%         2
 Passwall                 Tmut/Erth      3%         N/A       26%         2
 Wereblood                Tmut           4%         N/A       26%         2
 Summon Ice Beast         Ice/Summ       17%        N/A       32%         4
 Call Canine Familiar     Summ           4%         N/A       45%         3
 Gell's Gravitas          Tloc           4%         N/A       45%         3
 Ignite Poison            Fire/Tmut/Pois 4%         N/A       45%         3
 Portal Projectile        Hex/Tloc       8%         N/A       45%         3
 Stone Arrow              Conj/Erth      8%         3d7       45%         3
 Teleport Other           Tloc           4%         N/A       45%         3
 Leda's Liquefaction      Hex/Erth       2%         N/A       86%         4
 Freezing Cloud           Conj/Ice/Air   6%         6-21      86%         5
 Alistair's Intoxication  Tmut/Pois      2%         N/A       99%         5
 Borgnjor's Vile Clutch   Necr/Erth      2%         N/A       99%         5
 Fireball                 Conj/Fire      2%         3d4       99%         5
 Irradiate                Conj/Tmut      2%         3d12      99%         5
 Iskenderun's Battlesphe  Conj           4%         2d6       99%         5
 Conjure Ball Lightning   Conj/Air       2%         3x3d6     100%        6
 Eringya's Noxious Bog    Tmut/Pois      2%         4d6       100%        6
 Plasma Beam              Fire/Air       2%         2x1d12    100%        6
 Starburst                Conj/Fire      2%         6d3       100%        6
 Orb of Destruction       Conj           2%         9d5       100%        7


Dungeon Overview and Level Annotations

Branches:
Dungeon (10/15)            Temple (1/1) D:6            Lair (5/5) D:8
 Shoals (0/4) Lair:2        Snake (0/4) Lair:3        Slime (0/5) Lair:4
    Orc (2/2) D:10        Volcano (visited)
    Elf: Orc:2

Altars:
Ashenzari
Cheibriados
Dithmenos
Fedhas
Gozag
Hepliaklqana
Kikubaaqudgha
Makhleb
Nemelex Xobeh
Okawaru
Qazlal
Ru
Sif Muna
Trog
Uskayaw
Vehumet
Wu Jian
Xom
Yredelemnul
Jiyva

Shops:
D:3 :   D:6 [   D:10 [

Annotations:
Lair:2 1 runed translucent door, SirDiesAlot's ghost, journeyman OpVM


Innate Abilities, Weirdness & Mutations

You have large cloven feet.
You have a pair of large horns on your head.
A meltable icy envelope protects you from harm. (AC +4)
You sometimes gain power by taking damage.
A meltable shield of frost defends you. (SH +4)
Your touch may inflict irresistible damage on your foes.


Message History

* * * LOW HITPOINT WARNING * * *
You feel extremely sick. You block the orc's attack.
The orc warrior completely misses you. The orc completely misses you.
The orc warrior barely misses you.
Your icy armour and frozen ramparts will break if you move.
Continue?
Your icy armour cracks and falls away as you move.
The frozen ramparts melt away as you move.
You lunge at the orc.
You closely miss the orc. You kick the orc. You headbutt the orc.
You kill the orc!
The Council accepts your kill.
You feel very sick.
The orc warrior hits you with a +4 trident of venom!
* * * LOW HITPOINT WARNING * * *
You are more poisoned.
Items here: $ )))) [[ †.
You feel better. The orc warrior completely misses you.
You closely miss the orc warrior. Your kick misses the orc warrior.
The orc warrior hits you with a +4 trident of venom.
* * * LOW HITPOINT WARNING * * *
You are poisoned.
You puncture the orc warrior!
You headbutt the orc warrior, but do no damage.
The orc warrior is moderately wounded.
You feel sick. The orc warrior barely misses you.
The orc warrior hits you but does no damage.
You are more poisoned.
You closely miss the orc warrior. Your touch misses the orc warrior.
The orc warrior is moderately wounded.
You feel very sick. The orc warrior misses you.
You hit the orc warrior but do no damage.
You touch the orc warrior!
The orc warrior is heavily wounded.
You feel very sick.
The orc warrior hits you with a +4 trident of venom!
* * * LOW HITPOINT WARNING * * *
You are lethally poisoned!
The orc warrior hits you with a +4 trident of venom.
You die...

................
#.##..#....>.......
...##.##...........
...................
.......#...........
...........>.......
..................#
......o).)#.#....##
...#..)@)#.......#
#.....).##.........
##.#...##...##o....
#### #... .....
##... .##. .... #
....#


You could see an orc warrior.

Vanquished Creatures
  Gastronok (D:8)
  An orc warlord (Orc:1)
  A dire elephant (Lair:3)
  Fannar (D:10)
  3 hydras
  A merfolk avatar (Lair:5)
  A catoblepas (Lair:2)
  2 two-headed ogres
  3 skysharks
  A sea snake (Lair:5)
  An orc knight (Orc:1)
  4 deep elf pyromancers (Volcano)
  A deep elf archer (Volcano)
  A harpy (Lair:5)
  2 orc sorcerers (Orc:1)
  A manticore (Lair:5)
  2 elephants (Lair:5)
  9 black mambas
  10 cane toads
  An unseen horror (D:10)
  4 rime drakes (Lair:3)
  7 komodo dragons
  A merfolk (Lair:2)
  A polar bear (Lair:5)
  4 trolls
  11 blink frogs
  4 dream sheep (Lair:3)
  A snapping turtle (Lair:5)
  11 wyverns
  32 yaks
  Grum (Lair:1)
  4 steam dragons
  3 fire elementals (Volcano)
  8 basilisks
  Menkaure (D:5)
  3 wargs (Orc:1)
  9 hell hounds
  20 water moccasins
  10 orc warriors
  An ice beast (D:6)
  35 wolves
  3 centaurs
  8 ogres
  A phantom (D:6)
  6 kobold brigands
  7 bullfrogs
  2 scorpions
  A gnoll sergeant (D:9)
  15 wights
  3 killer bees (D:8)
  5 howler monkeys
  7 electric eels
  7 hounds
  7 jellies
  14 orc priests
  A gnoll bouda (D:9)
  3 iguanas
  2 sleepcaps (D:6)
  7 hell rats (Lair:3)
  17 orc wizards
  7 gnolls (D:9)
  5 adders
  2 shadow imps
  A white imp (D:6)
  An ufetubus (D:5)
  A worm (D:2)
  79 orcs
  7 bats
  9 endoplasms
  2 giant cockroaches (D:4)
  5 hobgoblins
  2 jackals (D:4)
  39 kobolds
  6 quokkas
  6 ball pythons
  2 frilled lizards (D:2)
  9 goblins
  A jackal skeleton (D:3)
  5 rats
523 creatures vanquished.

Vanquished Creatures (others)
  An orc wizard (D:7)
  A giant cockroach (D:3)
  2 rats (D:3)
4 creatures vanquished.

Grand Total: 527 creatures vanquished

Notes
Turn   | Place    | Note
-------+----------+-------------------------------------------
     0 | D:1      | voltaire321 the Demonspawn Ice Elementalist began the quest
                  | for the Orb.
     0 | D:1      | Reached XP level 1. HP: 13/13 MP: 3/3
   382 | D:1      | Gained mutation: A meltable shield of frost defends you.
                  | (SH +4) [demonic ancestry]
   382 | D:1      | Reached XP level 2. HP: 20/20 MP: 0/5
  1548 | D:2      | Reached skill level 1 in Fighting
  1548 | D:2      | Reached skill level 1 in Armour
  1548 | D:2      | Reached XP level 3. HP: 26/26 MP: 0/6
  1704 | D:2      | You fall into a shaft and drop 1 floor!
  1716 | D:3      | Found a runed translucent door.
  1716 | D:3      | Noticed a human
  2408 | D:3      | Found Malocy's Book Emporium.
  2518 | D:3      | Found a sparkling altar of Nemelex Xobeh.
  2658 | D:3      | Learned a level 3 spell: Frozen Ramparts
  2802 | D:3      | Discovered your monstrous ancestry.
  2802 | D:3      | Gained mutation: You have a pair of small horns on your
                  | head. [demonic ancestry]
  2802 | D:3      | Reached XP level 4. HP: 21/32 MP: 4/7
  2922 | D:3      | Found a basalt altar of Yredelemnul.
  3322 | D:4      | Learned a level 3 spell: Ozocubu's Armour
  3332 | D:4      | Gained mutation: Your touch may inflict minor irresistible
                  | damage on your foes. [demonic ancestry]
  3332 | D:4      | Reached XP level 5. HP: 38/38 MP: 9/9
  3416 | D:4      | Found a hide-covered altar of Uskayaw.
  3476 | D:4      | Reached skill level 2 in Fighting
  4049 | D:5      | Entered Level 5 of the Dungeon
  4063 | D:5      | Gained mutation: You sometimes gain a little power by
                  | taking damage. [demonic ancestry]
  4063 | D:5      | Reached XP level 6. HP: 42/45 MP: 7/10
  4516 | D:4      | Reached XP level 7. HP: 6/51 MP: 9/12
  4520 | D:4      | Reached skill level 3 in Fighting
  4695 | D:5      | Noticed Menkaure
  4888 | D:5      | Found a blossoming altar of Fedhas.
  5328 | D:6      | Reached skill level 5 in Ice Magic
  5451 | D:6      | Found Relufei's Antique Armour Shoppe.
  5469 | D:6      | Bought a dazzling cloak for 256 gold pieces
  5469 | D:6      | Identified the -1 cloak "Efotrual" {Dex+2} (You bought it
                  | in a shop on level 6 of the Dungeon)
  5553 | D:6      | Found an ancient bone altar of Kikubaaqudgha.
  5859 | D:5      | Killed Menkaure
  6265 | D:6      | Gained mutation: You have large cloven feet. [demonic
                  | ancestry]
  6265 | D:6      | Reached XP level 8. HP: 60/60 MP: 11/14
  6342 | D:6      | Reached skill level 4 in Fighting
  6430 | D:6      | Found a staircase to the Ecumenical Temple.
  6453 | Temple   | Entered the Ecumenical Temple
  6459 | Temple   | Became a worshipper of the Wu Jian Council
  6873 | D:6      | HP: 2/61 [ice beast (7)]
  7269 | D:7      | Reached skill level 5 in Spellcasting
  7448 | D:7      | Reached * piety under Wu Jian
  7449 | D:7      | Reached skill level 5 in Dodging
  7479 | D:7      | Reached skill level 5 in Fighting
  7489 | D:7      | HP: 2/57 [wight/+0 falchion (2)]
  7492 | D:7      | Reached XP level 9. HP: 13/65 MP: 16/16
  8020 | D:7      | Reached skill level 5 in Armour
  8699 | D:8      | Found a shadowy altar of Dithmenos.
  8964 | D:8      | Found a staircase to the Lair.
  8964 | D:8      | Noticed a troll
  8978 | D:8      | Killed a troll
  8979 | D:8      | Reached skill level 6 in Fighting
  9085 | D:8      | Found a broken altar of Ashenzari.
  9204 | D:8      | Reached ** piety under Wu Jian
  9289 | D:8      | Found a hazy altar of Hepliaklqana.
  9622 | D:8      | Found an iron altar of Okawaru.
  9643 | D:8      | Noticed Gastronok
  9656 | D:8      | Killed Gastronok
  9657 | D:8      | Reached skill level 7 in Fighting
  9657 | D:8      | Gained mutation: You have a pair of horns on your head.
                  | [demonic ancestry]
  9657 | D:8      | Reached XP level 10. HP: 6/79 MP: 14/17
  9998 | D:8      | Found a runed translucent door.
 10172 | D:8      | Reached *** piety under Wu Jian
 10407 | D:8      | Reached skill level 8 in Fighting
 11199 | D:9      | Noticed a two-headed ogre
 11210 | D:9      | Killed a two-headed ogre
 11211 | D:9      | Gained mutation: You have a pair of large horns on your
                  | head. [demonic ancestry]
 11211 | D:9      | Reached XP level 11. HP: 54/87 MP: 12/18
 11894 | D:10     | Entered Level 10 of the Dungeon
 11923 | D:10     | Reached skill level 9 in Fighting
 12085 | D:10     | Found Nyroarch's Armour Emporium.
 12135 | D:10     | Reached **** piety under Wu Jian
 12140 | D:10     | Found a staircase to the Orcish Mines.
 12367 | D:10     | Noticed Fannar
 12598 | D:10     | Killed Fannar
 12881 | Lair:1   | Entered Level 1 of the Lair of Beasts
 13278 | Lair:1   | Noticed Grum
 13291 | Lair:1   | Killed Grum
 13748 | Lair:2   | Identified a scroll of acquirement
 13748 | Lair:2   | Acquired 1137 gold pieces
 13778 | Lair:2   | Reached skill level 10 in Fighting
 13830 | Lair:2   | Found a runed translucent door.
 13884 | Lair:2   | Noticed a catoblepas
 13895 | Lair:2   | Killed a catoblepas
 13911 | Lair:2   | Gained mutation: Your touch may inflict irresistible damage
                  | on your foes. [demonic ancestry]
 13911 | Lair:2   | Reached XP level 12. HP: 97/97 MP: 19/19
 14026 | Lair:2   | Found a dark tunnel.
 14033 | Volcano  | Entered a volcano
 14046 | Volcano  | Reached ***** piety under Wu Jian
 14227 | Volcano  | Reached skill level 10 in Dodging
 14445 | Lair:2   | Reached skill level 10 in Armour
 14450 | Lair:2   | Reached skill level 11 in Fighting
 14555 | Lair:2   | Found a staircase to the Shoals.
 14906 | Lair:2   | Noticed SirDiesAlot's ghost (journeyman OpVM)
 15242 | Lair:3   | Found a staircase to the Snake Pit.
 15403 | Lair:3   | Reached skill level 12 in Fighting
 15463 | Lair:3   | Noticed an eight-headed hydra
 15474 | Lair:3   | Killed an eight-headed hydra
 15475 | Lair:3   | Gained mutation: A meltable icy envelope protects you from
                  | harm. (AC +4) [demonic ancestry]
 15475 | Lair:3   | Reached XP level 13. HP: 54/108 MP: 8/20
 15556 | Lair:3   | Identified the +1 long sword of Frustration {venom, Will+}
 16108 | Lair:3   | Noticed a dire elephant
 16110 | Lair:3   | Reached ****** piety under Wu Jian
 16120 | Lair:3   | Killed a dire elephant
 16263 | Lair:3   | Reached skill level 13 in Fighting
 16343 | Lair:4   | Found a viscous altar of Jiyva.
 16361 | Lair:4   | Found a staircase to the Slime Pits.
 17081 | Lair:5   | Entered Level 5 of the Lair of Beasts
 17697 | Lair:5   | Reached skill level 14 in Fighting
 18417 | Orc:1    | Entered Level 1 of the Orcish Mines
 18502 | Orc:1    | Gained mutation: You sometimes gain power by taking damage.
                  | [demonic ancestry]
 18502 | Orc:1    | Reached XP level 14. HP: 111/121 MP: 15/21
 18745 | Orc:2    | Entered Level 2 of the Orcish Mines
 18793 | Orc:1    | Noticed an orc warlord
 18816 | Orc:1    | Killed an orc warlord
 18893 | Orc:1    | Paralysed by an orc sorcerer for 4 turns
 18906 | Orc:1    | HP: 2/121 [orc warrior/+4 trident of venom (14)]
 18906 | Orc:1    | Slain by an orc warrior

Illustrated notes

Levels and vault maps discovered:
D:1:      lightli_arrival_windingriver, layout_basic
D:2:      layout_basic
D:3:      layout_loops_ring, mainiacjoe_overflow_paths, dk_yredelemnul_ordeal,
          serial_shops, shop
D:4:      layout_gridville, nicolae_uskayaw_murder_on_the_dancefloor
D:5:      layout_basic, lemuel_round_altar, fountainhead, uniq_menkaure
D:6:      layout_loops_corners, mainiacjoe_overflow_tiny_flanked,
          minmay_temple_entry_waves, serial_shops, shop,
          kennysheep_generic_room_6
D:7:      layout_cave_pools, mainiacjoe_overflow_cross_hatched,
          grunt_ministairs_10
D:8:      layout_loops_corners, cheibrodos_ashenzari_chains,
          kennysheep_mini_moat, lemuel_crystal_altar,
          nicolae_overflow_crystal_walls, erik_lair_island,
          lightli_church_of_beogh, uniq_gastronok
D:9:      layout_stronghold
D:10:     layout_basic, orc_0_dummy, serial_shops, shop, minmay_misc_feat_chi,
          hangedman_decor_points, uniq_fannar
Temple:   hellmonk_temple_two_chambers
Lair:1:   layout_loops_ring, serial_bayou_shore_a, uniq_grum
Lair:2:   layout_regular_city, elwin_shoals_entry_rooms,
          ebering_ghost_reflecting_pool, nicolae_volcano_entry_hallway
Lair:3:   layout_roguey [special_room_mythical_zoo],
          minmay_snake_entry_six_corridors, nicolae_lair_grazing_beasts
          [nicolae_sub_lair_graze_edge, nicolae_sub_lair_graze_edge,
          nicolae_sub_lair_graze_edge, nicolae_sub_lair_graze_edge]
Lair:4:   layout_regular_city, nicolae_slime_entry_field_trip
Lair:5:   gammafunk_lair_ancient_temple, layout_cellular_growth,
          gauntlet_entry_generic, grunt_megastairs_2
Orc:1:    layout_caves, minmay_orc_temple_b
Orc:2:    st_orc_elflike, layout_caves, dreamdust_deal_with_the_devil,
          nicolae_shop_vocational

Skill      XL: |  1  2  3  4  5  6  7  8  9 10 11 12 13 |
---------------+----------------------------------------+-----
Dodging        | 2 3 4 5 7 8 9 11 13 | 13.5
Fighting       | 1 2 3 5 7 8 10 12 14 | 14.5
Armour         | 1 2 3 4 6 7 9 10 | 10.0
Ice Magic      | 4 5 6 8 |  8.0
Spellcasting   | 3 4 5 |  5.0
Stealth        | |  1.7

Action                     |  1- 3 |  4- 6 |  7- 9 | 10-12 | 13-15 || total
---------------------------+-------+-------+-------+-------+-------++-------
  Melee: Rapier            |    25 |     4 |       |       |       ||    29
         Dagger            |     1 |       |       |       |       ||     1
         Lajatang          |       |    10 |       |       |       ||    10
         Headbutt          |       |     6 |    28 |    90 |    82 ||   206
         Staff             |       |    19 |    57 |       |       ||    76
         Touch             |       |     3 |    35 |    91 |    59 ||   188
         Punch             |       |       |     3 |     8 |     3 ||    14
         Kick              |       |       |    34 |   163 |   107 ||   304
         Hand axe          |       |       |    13 |       |       ||    13
         Morningstar       |       |       |    67 |   409 |   322 ||   798
  Throw: Dart              |       |       |     4 |     2 |       ||     6
   Cast: Freeze            |    74 |    65 |    31 |       |       ||   170
         Frozen Ramparts   |       |       |    38 |    60 |    29 ||   127
         Ozocubu's Armour  |       |       |    23 |    35 |    13 ||    71
Ability: Lunge             |       |       |     4 |    11 |    10 ||    25
         Whirlwind         |       |       |       |     8 |    14 ||    22
  Evoke: Wand              |       |       |       |     7 |       ||     7
    Use: Potion            |     1 |     2 |     7 |     2 |     1 ||    13
         Scroll            |       |       |    14 |    12 |     3 ||    29
   Stab: Sleeping          |     2 |       |     1 |     1 |       ||     4
         Distracted        |       |       |       |     1 |     1 ||     2
 Armour: Robe              |    14 |    10 |    26 |       |       ||    50
         Troll leather arm |       |       |     9 |   162 |   148 ||   319
  Dodge: Dodged            |    48 |    75 |   160 |   527 |   483 ||  1293
  Block: Other             |    15 |    16 |    27 |    95 |    91 ||   244

Table legend: (Time is in decaauts)
 A = Elapsed time spent in this place.
 B = Non-inter-level travel time spent in this place.
 C = Inter-level travel time spent in this place.
 D = Time resting spent in this place.
 E = Time spent auto-exploring this place.
 F = Levels seen in this place.
 G = Mean time per level.
                   A        B        C        D        E       F      G
               +--------+--------+--------+--------+--------+-----+--------+
         Total |  19447 |  18572 |    875 |   3710 |   9341 |  19 | 1023.5 |
       Dungeon |  13143 |  12440 |    703 |   3081 |   6314 |  10 | 1314.3 |
        Temple |     14 |     14 |      0 |      0 |      0 |   1 |   14.0 |
          Lair |   5364 |   5192 |    172 |    406 |   2865 |   5 | 1072.8 |
  Orcish Mines |    525 |    525 |      0 |     78 |    162 |   2 |  262.5 |
       Volcano |    399 |    399 |      0 |    145 |      0 |   1 |  399.0 |
               +--------+--------+--------+--------+--------+-----+--------+

Top non-repeatable levels by time:
     D:8: 2255 daAuts
     D:6: 1727 daAuts
     D:9: 1474 daAuts
     D:1: 1356 daAuts
  Lair:3: 1346 daAuts
  Lair:5: 1267 daAuts
     D:5: 1223 daAuts
     D:7: 1209 daAuts
     D:4: 1124 daAuts
  Lair:2: 1058 daAuts
    D:10: 998 daAuts
     D:2: 996 daAuts
  Lair:1: 911 daAuts
  Lair:4: 780 daAuts
     D:3: 778 daAuts
